 Dungeon Crawl Stone Soup version 0.20.1-1-g8b1a95d (webtiles) character file.

2940 Ladykiller69 the Reanimator (level 9, 0/68 HPs)
             Began as a Deep Dwarf Necromancer on July 14, 2017.
             Was a Believer of Vehumet.
             Slain by a goblin
             ... wielding a +0 spear
              (1 damage)
             ... on level 8 of the Dungeon.
             The game lasted 00:42:50 (8450 turns).

Ladykiller69 the Reanimator (DDNe)                  Turns: 8450, Time: 00:42:50

Health: 0/68       AC:  7    Str: 16    XL:     9   Next: 51%
Magic:  22/27      EV: 12    Int: 18    God:    Vehumet [**....]
Gold:   345        SH:  0    Dex: 13    Spells: 8/21 levels left

rFire    + . .     SeeInvis .   t - +0 spear
rCold    + . .     Gourm    .   (no shield)
rNeg     . . .     Faith    .   C - +2 robe {rC+ rF+}
rPois    .         Spirit   .   o - +2 helmet of the Bruised Wishes {MP+9 Str+3}
rElec    .         Reflect  .   (no cloak)
rCorr    .         Harm     .   (no gloves)
MR       +....                  (no boots)
Stlth    ++........             (no amulet)
Regen    0.0/turn               (no ring)
MPRegen  0.2/turn               (no ring)

@: non-regenerating, drained
A: damage resistance, heal wounds, sense surroundings 2, no regeneration
a: Heal Wounds, Renounce Religion


You were on level 8 of the Dungeon.
You worshipped Vehumet.
Vehumet was pleased with you.
You were not hungry.

You visited 2 branches of the dungeon, and saw 9 of its levels.

You collected 345 gold pieces.

Inventory:

Hand Weapons
 m - a +0 dagger of electrocution
 n - a cursed +1 spear of venom
 t - a +0 spear (weapon)
 B - a +2 whip of electrocution
Armour
 a - a +0 robe
 o - the +2 helmet of the Bruised Wishes (worn) {MP+9 Str+3}
   (You took it off Robin on level 2 of the Dungeon)

   It affects your strength (+3).
   It affects your magic capacity (+9).
 w - a +3 leather armour
 C - a +2 robe of resistance (worn)
 K - a +0 buckler
Jewellery
 e - a cursed -2 ring of dexterity {unknown}
 v - an uncursed ring of ice {unknown}
 x - an uncursed ring of protection from cold {unknown}
 E - an uncursed amulet of rage {unknown}
 F - an uncursed ring of positive energy {unknown}
Wands
 i - a wand of paralysis (16/24)
 j - a wand of iceblast (4/15)
 y - a wand of acid (6/15)
Scrolls
 h - 3 scrolls of amnesia {unknown}
 l - 3 scrolls of fear {unknown}
 q - 6 scrolls of remove curse {unknown}
 r - 3 scrolls of enchant armour {unknown}
 u - 2 scrolls of teleportation {unknown}
 z - 3 scrolls of immolation {unknown}
 D - 2 scrolls of identify {unknown}
 G - a scroll of recharging {unknown}
 I - a scroll of fog {unknown}
 J - a scroll of magic mapping {unknown}
Potions
 d - 5 potions of curing
 f - a potion of invisibility {unknown}
 k - a potion of magic {unknown}
 p - 3 potions of flight {unknown}
 A - a potion of heal wounds {unknown}
 H - a potion of brilliance {unknown}
Books
 b - a book of Necromancy

   Spells                             Type                      Level
   a - Pain                           Necromancy                   1
   b - Animate Skeleton               Necromancy                   1
   c - Vampiric Draining              Necromancy                   3
   d - Regeneration                   Charms/Necromancy            3
   e - Animate Dead                   Necromancy                   4
   f - Control Undead                 Necromancy                   4
 L - a book of Air

   Spells                             Type                      Level
   a - Shock                          Conjuration/Air              1
   b - Swiftness                      Charms/Air                   2
   c - Static Discharge               Conjuration/Air              3
   d - Airstrike                      Air                          4
   e - Lightning Bolt                 Conjuration/Air              5
Comestibles
 c - 6 bread rations
 g - a royal jelly
 s - 5 meat rations
 M - 4 chunks of flesh


   Skills:
 + Level 1.4(0.4) Polearms
 - Level 3.0(1.9) Dodging
 - Level 3.0(2.0) Stealth
 + Level 6.5(5.3) Spellcasting
 * Level 12.0(10.6) Necromancy


You had 8 spell levels left.
You knew the following spells:

 Your Spells              Type           Power        Failure   Level  Hunger
a - Pain                  Necr           ####         1%          1    None
b - Animate Skeleton      Necr           N/A          1%          1    None
c - Vampiric Draining     Necr           #####.....   1%          3    ##.....
d - Animate Dead          Necr           N/A          1%          4    ####...
e - Control Undead        Necr           #####.....   1%          4    ####...


Dungeon Overview and Level Annotations

Branches:
Dungeon (8/15)             Temple (1/1) D:4
   Lair: D:8-11

Altars:
Ashenzari
Cheibriados
Dithmenos
Elyvilon
Fedhas
Gozag
Hepliaklqana
Kikubaaqudgha
Makhleb
Nemelex Xobeh
Okawaru
Sif Muna
Trog
Uskayaw
Vehumet
Xom
Zin
The Shining One

Shops:
D:6 (

Portals:
Bailey: D:8

Annotations:
D:4 Blork the orc
D:7 exclusions: necrophage, phantom and 2 wights, Menkaure


Innate Abilities, Weirdness & Mutations

You are resistant to damage.
You can heal yourself by infusing magical energy.
You passively map the area around you.
You do not regenerate.


Message History

The goblin closely misses you.
The goblin hits you from afar with a spear.
* * * LOW HITPOINT WARNING * * *
The goblin misses you. x2
Things that are here:
a spear; a goblin corpse
Casting: Vampiric Draining
Confirm with . or Enter, or press ? or * to list all spells.
Aiming: Vampiric Draining
Press: ? - help, Shift-Dir - straight line, f - goblin
Aim: a goblin, wielding a spear You kill the goblin!
Vehumet accepts your kill.
You feel your power returning.
Your base Necromancy skill increases to level 12!
You feel life coursing into your body.
The centaur shoots an arrow.
The arrow hits you!
* * * LOW HITPOINT WARNING * * *
The goblin hits you with a spear.
You die...

, *** #......... ,
* ###........,*
..........
,.........## , *
..........# , ,
#........## *
#.....<#..##### ,
,,*#..#....((.....#
, ,
.......c)@.)...# ,
, #.##.≈≈≈g≈≈≈...#
, ,
.....≈##.##≈...# ,
,, ##..≈#...*≈.)[#
, #..≈#.∩. ≈..## ,
* ##.≈#...#≈..# , *
#####≈..# , , , ≈
≈≈..# , ** , , , ,


You could see a centaur and a goblin.

Vanquished Creatures
  Pikel (D:4)
  Eustachio (D:4)
  A hungry ghost (D:7)
  A black bear (D:6)
  A sky beast (D:7)
  7 ogres
  2 centaurs
  A gnoll sergeant (D:6)
  3 bullfrogs
  A water moccasin skeleton (D:7)
  3 killer bees (D:6)
  2 wights (D:7)
  A crimson imp (D:6)
  3 hounds
  3 orc priests
  An orc wizard (D:5)
  A centaur skeleton (D:5)
  2 iguanas (D:4)
  10 worker ants
  A hound zombie (D:5)
  A hound skeleton (D:6)
  Robin (D:2)
  10 gnolls
  4 adders
  An ooze (D:5)
  An adder zombie (D:5)
  An adder skeleton (D:5)
  3 worms
  4 dart slugs
  7 leopard geckos
  27 orcs
  A ball python (D:2)
  3 bats
  3 giant cockroaches
  8 hobgoblins
  4 jackals (D:4)
  10 kobolds
  3 quokkas
  5 frilled lizards
  18 goblins
  5 rats
166 creatures vanquished.

Vanquished Creatures (collateral kills)
  A big kobold (D:7)
  A killer bee (D:6)
  2 wights (D:7)
  An orc wizard (D:7)
  A centaur skeleton (D:4)
  A killer bee zombie (D:6)
  2 gnolls (D:6)
  A worm (D:4)
  3 orcs
  2 kobolds (D:7)
15 creatures vanquished.

Grand Total: 181 creatures vanquished

Notes
Turn   | Place    | Note
-------+----------+-------------------------------------------
     0 | D:1      | Ladykiller69 the Deep Dwarf Necromancer began the quest for the Orb.
     0 | D:1      | Reached XP level 1. HP: 15/15 MP: 3/3
   116 | D:1      | Learned a level 1 spell: Animate Skeleton
   508 | D:2      | Reached XP level 2. HP: 19/22 MP: 1/4
   610 | D:2      | Noticed Robin
   894 | D:2      | Reached XP level 3. HP: 24/28 MP: 3/6
  1037 | D:2      | Learned a level 3 spell: Vampiric Draining
  1073 | D:2      | Killed Robin
  1241 | D:2      | Got a dazzling helmet
  1585 | D:2      | Reached skill level 5 in Necromancy
  1737 | D:2      | Identified the +2 helmet of the Bruised Wishes {MP+9 Str+3} (You took it off Robin on level 2 of the Dungeon)
  1802 | D:2      | Reached XP level 4. HP: 36/36 MP: 7/7
  2906 | D:3      | Reached XP level 5. HP: 31/42 MP: 9/9
  3242 | D:4      | Found a staircase to the Ecumenical Temple.
  3270 | Temple   | Entered the Ecumenical Temple
  3382 | Temple   | Became a worshipper of Vehumet
  3416 | D:4      | Noticed Blork the orc
  3505 | D:4      | Found a hazy altar of Hepliaklqana.
  3513 | D:4      | Reached skill level 6 in Necromancy
  3534 | D:4      | Learned a level 4 spell: Animate Dead
  3722 | D:4      | Noticed an ogre
  3851 | D:4      | Reached XP level 6. HP: 48/49 MP: 11/11
  3915 | D:4      | Noticed Eustachio
  3931 | D:4      | Killed Eustachio
  3931 | D:4      | Reached skill level 7 in Necromancy
  4166 | D:4      | Reached XP level 7. HP: 29/55 MP: 1/13
  4284 | D:4      | Reached * piety under Vehumet
  4284 | D:4      | Offered knowledge of Magic Dart by Vehumet.
  4295 | D:4      | Noticed Pikel
  4308 | D:4      | Killed Pikel
  4308 | D:4      | Reached skill level 9 in Necromancy
  4308 | D:4      | Reached XP level 8. HP: 49/62 MP: 2/15
  4462 | D:4      | Learned a level 4 spell: Control Undead
  4678 | D:5      | Entered Level 5 of the Dungeon
  4745 | D:5      | Found an iron altar of Okawaru.
  4801 | D:5      | Found a shadowy altar of Dithmenos.
  4852 | D:5      | Reached skill level 5 in Spellcasting
  4998 | D:5      | Found a sparkling altar of Nemelex Xobeh.
  5479 | D:5      | Reached skill level 10 in Necromancy
  5566 | D:5      | Found a blossoming altar of Fedhas.
  6116 | D:6      | Offered knowledge of Sandblast by Vehumet.
  6148 | D:6      | Reached ** piety under Vehumet
  6200 | D:6      | Gained mutation: You passively map the area around you. [Deep Dwarf growth]
  6200 | D:6      | Reached XP level 9. HP: 58/68 MP: 17/17
  6205 | D:6      | Reached skill level 11 in Necromancy
  6643 | D:6      | Found Naucsept's Antique Weapon Shoppe.
  6995 | D:7      | Found an iron altar of Okawaru.
  7190 | D:7      | Noticed Menkaure
  7459 | D:7      | Found a glowing golden altar of the Shining One.
  7660 | D:7      | Found a burning altar of Makhleb.
  7712 | D:7      | Offered knowledge of Throw Frost by Vehumet.
  8085 | D:7      | Reached skill level 1 in Polearms
  8437 | D:8      | Found a flagged portal.
  8450 | D:8      | Reached skill level 12 in Necromancy
  8450 | D:8      | HP: 1/68 [centaur/arrow (5)]
  8450 | D:8      | Slain by a goblin

Skill      XL: |  1  2  3  4  5  6  7  8  9 |
---------------+----------------------------+-----
Spellcasting   | 2 3 4 5 6 |  6.5
Stealth        | 3 |  3.0
Dodging        | 3 |  3.0
Necromancy     | 5 6 7 9 10 12 | 12.0
Polearms       | 1 |  1.4

Action                   |  1- 3 |  4- 6 |  7- 9 || total
-------------------------+-------+-------+-------++-------
Melee: Dagger            |     3 |       |       ||     3
       Spear             |       |     7 |   126 ||   133
 Cast: Pain              |    88 |   120 |   101 ||   309
       Animate Skeleton  |     2 |     7 |    12 ||    21
       Vampiric Draining |     8 |    29 |    92 ||   129
       Animate Dead      |       |     2 |     6 ||     8
       Control Undead    |       |       |    19 ||    19
  Use: Potion            |       |       |     1 ||     1
  Eat: Chunk             |     5 |    11 |    20 ||    36
       Royal jelly       |       |       |     6 ||     6
       Fruit             |       |       |     4 ||     4
Armor: Robe              |     4 |     9 |    64 ||    77
Dodge: Dodged            |    24 |    36 |   136 ||   196
